 Dungeon Crawl Stone Soup version 0.21.1-1-g345015fe64 (webtiles) character file.

67 Oravi the Covered (level 4, -6/31 HPs)
             Began as a Halfling Fighter on Mar 24, 2018.
             Shot with an arrow by a centaur (7 damage)
             ... on level 6 of the Dungeon.
             The game lasted 00:11:40 (2850 turns).

Oravi the Covered (Halfling Fighter)                Turns: 2850, Time: 00:11:40

Health: -6/31      AC:  7    Str: 18    XL:     4   Next: 38%
Magic:  4/4        EV:  9    Int:  6    God:
Gold:   143        SH:  9    Dex: 13    Spells: 3/3 levels left

rFire    . . .     SeeInvis .   a - +0 rapier
rCold    . . .     Gourm    .   c - +0 shield
rNeg     . . .     Faith    .   b - +0 scale mail
rPois    .         Spirit   .   (no helmet)
rElec    .         Reflect  .   (no cloak)
rCorr    .         Harm     .   (no gloves)
MR       .....                  (no boots)
Stlth    ..........             (no amulet)
HPRegen  0.10/turn              (no ring)
MPRegen  0.09/turn              (no ring)

@: no status effects
A: small, mutation resistance 1
a: no special abilities


You were on level 6 of the Dungeon.
You were not hungry.

You visited 1 branch of the dungeon, and saw 4 of its levels.

You collected 143 gold pieces.

Inventory:

Hand Weapons
 a - a +0 rapier (weapon)
Missiles
 e - 119 stones (quivered)
Armour
 b - a +0 scale mail (worn)
 c - a +0 shield (worn)
 k - a +0 chain mail
Scrolls
 g - 4 scrolls of identify {unknown}
 h - 5 scrolls of remove curse {unknown}
 i - 2 scrolls of immolation {unknown}
 j - 2 scrolls of enchant armour {unknown}
 m - a scroll of enchant weapon {unknown}
 o - a scroll of teleportation {unknown}
Potions
 d - a potion of might
 l - a potion of curing {unknown}
 n - a potion of ambrosia {unknown}
Comestibles
 f - 4 rations
 p - 4 chunks of flesh


   Skills:
 + Level 3.2 Fighting
 + Level 3.6 Short Blades
 + Level 3.7 Armour
 + Level 0.3 Dodging
 + Level 3.7 Shields


You had 3 spell levels left.
You didn't know any spells.

Dungeon Overview and Level Annotations

Branches:
Dungeon (3/15)

Altars:

Annotations:
D:2 Sigmund
D:3 LordM's ghost, amateur DrCj
D:6 Grinder


Innate Abilities, Weirdness & Mutations

You are small and have problems with some larger weapons.
You are somewhat resistant to further mutation.


Message History

You are too injured to fight recklessly!
You are too injured to fight recklessly!
You are too injured to fight recklessly!
You are too injured to fight recklessly!
You are too injured to fight recklessly!
You are too injured to fight recklessly!
You are too injured to fight recklessly!
You are too injured to fight recklessly!
You are too injured to fight recklessly!
You are too injured to fight recklessly!
You block the adder skeleton's attack.
The centaur shoots an arrow.
The arrow hits you but does no damage.
You see here an arrow.
The centaur shoots an arrow.
The arrow hits you.
The centaur shoots an arrow.
The arrow hits you!
* * * LOW HITPOINT WARNING * * *
You see here 2 arrows.
An orc comes into view. It is wielding a mace.
The centaur shoots an arrow.
The arrow hits you!
You die...

.......(...........#.#####
.....................#... #
.........(........#.##.##.####
.........................>#..#
............(.(...c.(..####..#
...................#..#####..#
.....?.!..........##.........#
...............(..##.....###.#
..............@Z..###..#.# #.#
..................# #..#.#
#.## ..................#
#.(#.# #...
..................# #..(.#
#### ..................#
#....# ...........# #..#.#
...........# #..#(# ##
....?o.....# #..#.# #.
#..#.#####.


You could see a centaur, an orc and an adder skeleton.

Vanquished Creatures
  2 adders (D:2)
  A worm (D:3)
  A leopard gecko (D:1)
  5 orcs (D:3)
  4 bats
  5 goblins
  A hobgoblin (D:2)
  3 jackals (D:3)
  A quokka (D:2)
  2 ball pythons
  8 frilled lizards
  4 kobolds
  6 rats
43 creatures vanquished.

Notes
Turn   | Place    | Note
-------+----------+-------------------------------------------
     0 | D:1      | Oravi the Halfling Fighter began the quest for the Orb.
     0 | D:1      | Reached XP level 1. HP: 15/15 MP: 1/1
   620 | D:1      | Reached XP level 2. HP: 20/20 MP: 2/2
  1020 | D:2      | Reached XP level 3. HP: 24/26 MP: 3/3
  1234 | D:2      | Noticed Sigmund
  1613 | D:3      | Reached XP level 4. HP: 22/31 MP: 4/4
  1737 | D:3      | Noticed LordM's ghost (amateur DrCj)
  2765 | D:3      | You fall through a shaft for 3 floors!
  2784 | D:6      | Noticed Grinder
  2789 | D:6      | Noticed a centaur
  2849 | D:6      | HP: 1/31 [centaur/arrow (9)]
  2850 | D:6      | Shot with an arrow by a centaur

Skill      XL: |  1  2  3 |
---------------+----------+-----
Fighting       | 3 |  3.2
Short Blades   | 3 |  3.6
Armour         | |  3.7
Dodging        | |  0.3
Shields        | |  3.7

Action                   |  1- 3 |  4- 6 || total
-------------------------+-------+-------++-------
Melee: Rapier            |   100 |    40 ||   140
Throw: Stone             |     2 |     6 ||     8
  Eat: Chunk             |     1 |     2 ||     3
       Ration            |       |     1 ||     1
Armor: Scale mail        |    27 |    10 ||    37
Dodge: Dodged            |    32 |     8 ||    40
Block: Shield            |    40 |    18 ||    58
